 Dungeon Crawl Stone Soup version 0.31-a0-182-gc5ef74bbde (webtiles) character file.

Game seed: 11656699878451323915

1227 Anon1729 the Trooper (level 8, -1/71 HPs)
             Began as a Minotaur Monk on June 20, 2023.
             Killed from afar by an orc wizard (9 damage)
             ... with a magic dart
             ... on level 6 of the Dungeon.
             The game lasted 00:03:05 (5926 turns).

Anon1729 the Trooper (Minotaur Monk)                Turns: 5926, Time: 00:03:06

Health: -1/71      AC:  7    Str: 17    XL:     8   Next: 23%
Magic:  10/10      EV: 14    Int:  4    God:
Gold:   333        SH:  0    Dex: 14    Spells: 7/7 levels left

rFire   . . .        l - +2 dagger (flame)
rCold   . . .        d - orb {light}
rNeg    + + .        p - +0 leather armour of the Rose {rN++ Int-3}
rPois   .            (helmet restricted)
rElec   .            (no cloak)
rCorr   .            (no gloves)
SInv    .            (no boots)
Will    +....        (no amulet)
Stlth   +            w - +4 ring of protection
HPRegen 0.31/turn    x - ring of wizardry
MPRegen 0.12/turn

%: wizardry (x1)
@: lethally poisoned (-1 -> -2), enlightened, flying, glowing
A: horns 2, retaliatory headbutt
a: no special abilities


You were on level 6 of the Dungeon.
You visited 2 branches of the dungeon, and saw 7 of its levels.

You collected 375 gold pieces.
You spent 42 gold pieces at shops.

Inventory:

Hand Weapons
 a - a +0 short sword
 l - a +2 dagger of flaming (weapon)
Armour
 b - a +0 robe
 d - an orb of light (worn)
 m - a +0 buckler
 p - the +0 leather armour of the Rose (worn) {rN++ Int-3}
   (You found it on level 2 of the Dungeon)

   Int:       It affects your intelligence (-3).
   rN:        It greatly protects you from negative energy.
Jewellery
 w - a +4 ring of protection (left hand)
 x - a ring of wizardry (right hand)
Wands
 y - a wand of paralysis (10)
Scrolls
 c - a scroll of poison
 e - a scroll of torment {unknown}
 f - a scroll of silence {unknown}
 g - a scroll of summoning {unknown}
 i - 2 scrolls of vulnerability
 j - a scroll of enchant armour {unknown}
 n - a scroll of fog {unknown}
 s - a scroll of immolation {unknown}
 t - a scroll of teleportation {unknown}
 u - a scroll of fear {unknown}
Potions
 h - 3 potions of heal wounds
 q - 2 potions of might
 v - 3 potions of lignification


   Skills:
 + Level 6.4 Fighting
 + Level 5.8 Short Blades
 + Level 5.0 Armour
 + Level 5.8 Dodging
 + Level 4.1 Invocations


You had 7 spell levels left.
You didn't know any spells.
Your spell library contained the following spells:

 Spells                   Type           Power      Damage    Failure   Level
 Sandblast                Erth           0%         2d4       26%         1
 Passwall                 Tmut/Erth      0%         N/A       38%         2
 Poisonous Vapours        Pois/Air       0%         N/A       38%         2
 Mephitic Cloud           Conj/Pois/Air  0%         N/A       58%         3
 Stone Arrow              Conj/Erth      0%         3d7       58%         3
 Freezing Cloud           Conj/Ice/Air   0%         6-21      99%         5


Dungeon Overview and Level Annotations

Branches:
Dungeon (6/15)             Temple (1/1) D:4

Altars:
Ashenzari
Cheibriados
Dithmenos
Elyvilon
Fedhas
Gozag
Hepliaklqana
Kikubaaqudgha
Nemelex Xobeh
Okawaru
Qazlal
Ru
Sif Muna
Trog
Vehumet
Wu Jian
Xom
Yredelemnul
Zin

Shops:
D:6 **


Innate Abilities, Weirdness & Mutations

You have a pair of horns on your head.
You reflexively headbutt those who attack you in melee.


Message History

You kill the killer bee!
You feel sick.
Your Armour skill increases to level 5!
It was a potion of magic.
Magic courses through your body.
You feel very sick. The killer bee barely misses you.
The killer bee closely misses you.
You feel sick.
The killer bee stings you but does no damage.
It was a potion of enlightenment.
You feel very buoyant.
You fly up into the air.
You feel sick.
The killer bee stings you but does no damage.
The killer bee misses you.
You hit the killer bee. You burn the killer bee.
The killer bee is moderately wounded.
You feel sick. The killer bee misses you.
You hit the killer bee but do no damage.
You headbutt the killer bee.
The killer bee is moderately wounded.
The killer bee closely misses you. The killer bee misses you.
You barely miss the killer bee.
The killer bee is moderately wounded.
You feel sick. The killer bee misses you. You furiously retaliate!
You headbutt the killer bee. You hit the killer bee. You burn the killer bee.
The killer bee is almost dead.
You feel sick. The killer bee misses you.
The orc wizard casts a spell.
The orc wizard flickers and vanishes for a moment.
The killer bee closely misses you.
You hit the killer bee. You burn the killer bee.
You kill the killer bee!
You feel sick.
You hit the orc. You burn the orc.
The orc is almost dead.
The orc misses you. You furiously retaliate!
You headbutt the orc!
You kill the orc!
The orc wizard gestures at you while chanting.
The magic dart hits you!
You die...

#.# # #.# # #.# # #.#
# #######y## ########
o.o...... ..........
.o.o.o..####.........
#######.......#######
#...@)o.......... ..#
#.#####........# #.#
#.# #........# #.# #.#
##'###.#.# #.# #.#
##.##....# #.#
♣♣♣♣♣♣♣♣.....♣♣.####.#
........♣..♣♣♣♣♣.#....
≈≈≈≈≈≈≈.♣..♣ ♣...###
..≈≈≈..≈♣..♣ ♣.###


You could see an orc wizard (invisible).

Vanquished Creatures
  A troll (D:5)
  A water moccasin (D:5)
  3 scorpions
  6 killer bees (D:6)
  4 orc priests
  An iguana (D:5)
  Natasha (thrice) (D:2)
  2 orc wizards
  6 adders
  A gnoll (D:3)
  A shadow imp (D:5)
  A white imp (D:4)
  4 ufetubi
  2 worms
  3 dart slugs
  18 orcs
  6 ball pythons
  A bat (D:1)
  7 endoplasms
  5 giant cockroaches
  A goblin (D:3)
  3 hobgoblins
  2 jackals (D:4)
  6 kobolds
  4 quokkas
  2 frilled lizards (D:1)
  2 rats (D:1)
96 creatures vanquished.

Notes
Turn   | Place    | Note
-------+----------+-------------------------------------------
     0 | D:1      | Anon1729 the Minotaur Monk began the quest for the Orb.
     0 | D:1      | Reached XP level 1. HP: 19/19 MP: 0/0
   125 | D:1      | Reached XP level 2. HP: 27/27 MP: 1/1
   377 | D:1      | Reached skill level 1 in Armour
   907 | D:2      | Noticed Natasha
   926 | D:2      | Reached skill level 4 in Fighting
   926 | D:2      | Reached skill level 1 in Invocations
   926 | D:2      | Reached XP level 3. HP: 20/33 MP: 2/2
   926 | D:2      | Killed Natasha
  1159 | D:2      | Noticed Natasha
  1166 | D:2      | Killed Natasha
  1167 | D:2      | Reached XP level 4. HP: 28/40 MP: 4/4
  1418 | D:2      | Identified the +0 leather armour of the Rose {rN++ Int-3}
  1758 | D:2      | Noticed Natasha
  1924 | D:2      | Killed Natasha
  2407 | D:3      | Reached XP level 5. HP: 47/47 MP: 5/5
  2487 | D:3      | Found an iron altar of Okawaru.
  2487 | D:3      | Found a bloodstained altar of Trog.
  3381 | D:4      | Reached XP level 6. HP: 40/55 MP: 6/6
  3512 | D:4      | Found a staircase to the Ecumenical Temple.
  3657 | D:4      | Reached skill level 5 in Fighting
  3759 | D:4      | Found an ornate altar of the Wu Jian Council.
  4130 | Temple   | Entered the Ecumenical Temple
  4408 | D:5      | Entered Level 5 of the Dungeon
  4579 | D:5      | Noticed a troll
  4590 | D:5      | Killed a troll
  4591 | D:5      | Reached skill level 5 in Short Blades
  4591 | D:5      | Reached skill level 5 in Dodging
  4591 | D:5      | Reached XP level 7. HP: 8/61 MP: 8/8
  5243 | D:5      | Reached skill level 6 in Fighting
  5509 | D:5      | Found a shimmering altar of Xom.
  5511 | D:5      | Found a shimmering altar of Xom.
  5513 | D:5      | Found a shimmering altar of Xom.
  5518 | D:5      | Found a shimmering altar of Xom.
  5617 | D:6      | Found Waghoc's General Store.
  5619 | D:6      | Found Jamucs's Specific Store.
  5628 | D:6      | Bought a scroll of noise for 14 gold pieces
  5628 | D:6      | Bought a scroll of identify for 28 gold pieces
  5757 | D:6      | Found a sparkling altar of Nemelex Xobeh.
  5898 | D:6      | Reached XP level 8. HP: 57/70 MP: 9/9
  5918 | D:6      | Reached skill level 5 in Armour
  5926 | D:6      | Killed from afar by an orc wizard

Illustrated notes

Levels and vault maps discovered:
D:1:      elethiomel_arrival_shortcut, layout_loops_ring, minmay_misc_feat_chi
D:2:      layout_loops_ring, uniq_natasha
D:3:      layout_loops_ring, grunt_temple_overflow_bloody_war
D:4:      layout_basic, marbit_many_paths, minmay_temple_entry_mini_moons,
          amcnicky_mini_rare_corridor_liquid
D:5:      nicolae_cairo_tiling_large_dashed, layout_loops_ring, xom_redecorated
D:6:      layout_basic, mainiacjoe_overflow_paths, minmay_misc_feat_five,
          chequers_decorated_corner, nicolae_specific_store, nrook_campfire,
          mrwooster_statue_mirror, kennysheep_generic_room_15
Temple:   dpeg_chambers_temple

Skill      XL: |  1  2  3  4  5  6  7  8 |
---------------+-------------------------+-----
Armour         | 1 2 3 4 5 |  5.0
Fighting       | 4 5 6 |  6.4
Invocations    | 1 2 3 4 |  4.1
Short Blades   | 4 5 |  5.8
Dodging        | 4 5 |  5.8

Action                     |  1- 3 |  4- 6 |  7- 9 || total
---------------------------+-------+-------+-------++-------
  Melee: Short sword       |    44 |       |       ||    44
         Headbutt          |     9 |    35 |    17 ||    61
         Dagger            |    30 |   145 |    83 ||   258
  Evoke: Wand              |       |     2 |       ||     2
    Use: Potion            |     1 |       |     2 ||     3
         Scroll            |       |       |     5 ||     5
   Stab: Paralysed         |       |     2 |       ||     2
 Armour: Robe              |     9 |     4 |       ||    13
         Leather armour    |       |    24 |    12 ||    36
  Dodge: Dodged            |    51 |    78 |    44 ||   173

Table legend: (Time is in decaauts)
 A = Elapsed time spent in this place.
 B = Non-inter-level travel time spent in this place.
 C = Inter-level travel time spent in this place.
 D = Time resting spent in this place.
 E = Time spent auto-exploring this place.
 F = Levels seen in this place.
 G = Mean time per level.
                   A        B        C        D        E       F      G
               +--------+--------+--------+--------+--------+-----+--------+
         Total |   5860 |   5472 |    388 |    499 |   4360 |   7 |  837.1 |
       Dungeon |   5596 |   5229 |    367 |    499 |   4128 |   6 |  932.7 |
        Temple |    264 |    244 |     20 |      0 |    232 |   1 |  264.0 |
               +--------+--------+--------+--------+--------+-----+--------+

Top non-repeatable levels by time:
     D:4: 1311 daAuts
     D:5: 1187 daAuts
     D:1: 1012 daAuts
     D:2: 1001 daAuts
     D:3: 777 daAuts
     D:6: 305 daAuts
  Temple: 264 daAuts
